Cogmind - Beta 13 @@@ ROGUE MODE // 2024.04.01 @ 23:27:38 Player: MasterLemons Result: Destroyed by S-43 Plague with Heavy Machine Gun Performance ------------- Evolutions (6) 3000 Regions Visited (23) 4600 Robots Destroyed (54) 270 Value Destroyed (1912) 1912 Prototype IDs (28) 560 Alien Tech Used (0) 0 Bonus (2245) 2245 TOTAL SCORE: 12587 Bonus ------- High Alert Combat Kills 63 Follower Combat Kills 97 Entered DSFs 500 Aligned with FarCom 300 Met Data Miner 300 Met Warlord at Base 500 MAIN.C Attacked Warlord 500 Friendly Fire -15 Cogmind --------- Core Integrity 0/1150 Matter 300/300 Energy 99/100 System Corruption 2% Temperature Cool (0) Movement Core (50) Location -3/Proximity Caves Parts ------- > --- POWER (2) -------- (None) > --- PROPULSION (6) --- (None) > --- UTILITY (7) ------ (None) > --- WEAPON (4) ------- (None) > --- INVENTORY (5) ---- 0b10 Decoder Chip [Skirmisher] Makeshift Salvage Targeting Computer Hardlight Generator Improved Force Field Remote Force Field Peak State ------------ > --- POWER ------------ Vortex Chain Reactor > --- PROPULSION ------- Flexi-carbon Leg Flexi-carbon Leg Improved VSS Leg Enhanced Biometal Leg Enhanced Biometal Leg > --- UTILITY ---------- Experimental Matter Compressor Spectral Analyzer Experimental Cloaking Device Improved Power Shielding Thermal Barrier Improved Energy Mantle > --- WEAPON ----------- Improved Arc Projector Improved Arc Projector Backup Laser III Backup Laser III > --- INVENTORY -------- Light Antimatter Reactor Cooled Impulse Thruster Cooled Impulse Thruster Hardlight Generator [Rating: 123] Favorites ----------- Power Nuclear Core Engine Light Ion Engine Power Core Nuclear Core Reactor Vortex Chain Reactor Propulsion Xenon Bombardment Thruster Treads Advanced Treads Leg Enhanced Biometal Leg Wheel Wheel Hover Unit Antigrav System Flight Unit Xenon Bombardment Thruster Utility Hacking Suite Device Experimental Cloaking Device Storage Experimental Matter Compressor Processor Improved Targeting Computer Hackware Hacking Suite Protection Improved Power Shielding Weapon Heavy Rocket Launcher Energy Gun Backup Laser III Energy Cannon Cooled Particle Cannon Ballistic Gun Gauss Rifle Ballistic Cannon Mass Driver Launcher Heavy Rocket Launcher Impact Weapon Flail Build | -11 -10 -10 -9 -9 -9 -8 -8 -7 -7 -7 -6 -6 -6 -5 -5 -5 -5 -4 -4 -4 -4 -4 -3 ------- Run | Yrd Mat Min Mat Min Exi Min Mat Fac Low Dat Pro Fac DSF Fac Upp Upp War Pro Fac Upp Upp Zhi Pro Slots Evolved 12 | . . . 2 . . . 2 2 . . . 2 . 2 . . . . 2 . . . . Power 1 | . . . . . . . . . . . . . . 1 . . . . . . . . . Propulsion 4 | . . . 2 . . . . . . . . . . 1 . . . . 1 . . . . Utility 5 | . . . . . . . 2 2 . . . . . . . . . . 1 . . . . Weapon 2 | . . . . . . . . . . . . 2 . . . . . . . . . . . Parts Attached 126 | 6 6 . 1 1 3 4 15 11 1 . 10 2 15 7 3 7 18 2 11 1 2 . . Power 10 | 1 . . . . . . 1 2 . . 1 . . 1 . . 1 . 2 1 . . . Engine 2 | 1 . . . . . . . . . . . . . 1 . . . . . . . . . Core 5 | . . . . . . . 1 2 . . 1 . . . . . . . 1 . . . . Reactor 3 | . . . . . . . . . . . . . . . . . 1 . 1 1 . . . Propulsion 37 | 2 2 . 1 . . 3 5 2 . . 1 . 5 4 . . 8 1 3 . . . . Treads 2 | . . . . . . . 1 1 . . . . . . . . . . . . . . . Leg 8 | 2 . . . . . . . . . . 1 . . . . . 5 . . . . . . Wheel 2 | . . . . . . . . . . . . . 2 . . . . . . . . . . Hover 7 | . . . . . . . . . . . . . 3 4 . . . . . . . . . Flight 18 | . 2 . 1 . . 3 4 1 . . . . . . . . 3 1 3 . . . . Utility 39 | 1 2 . . . 3 1 5 2 1 . 2 . 2 2 1 2 6 1 6 . 2 . . Device 19 | . . . . . 2 . 1 1 1 . . . 1 2 1 1 3 1 3 . 2 . . Storage 8 | 1 . . . . 1 . 2 . . . 2 . 1 . . . 1 . . . . . . Processor 3 | . 2 . . . . . . . . . . . . . . . 1 . . . . . . Hackware 4 | . . . . . . . 2 1 . . . . . . . . . . 1 . . . . Protection 5 | . . . . . . 1 . . . . . . . . . 1 1 . 2 . . . . Artifact . | . . . . . . . . . . . . . . . . . . . . . . . . Weapon 40 | 2 2 . . 1 . . 4 5 . . 6 2 8 . 2 5 3 . . . . . . Energy Gun 16 | 1 2 . . 1 . . 2 . . . 3 2 . . . 3 2 . . . . . . Energy Cannon 3 | . . . . . . . . 1 . . 1 . 1 . . . . . . . . . . Ballistic Gun 6 | 1 . . . . . . . . . . 2 . 3 . . . . . . . . . . Ballistic Cannon 5 | . . . . . . . . . . . . . . . 2 2 1 . . . . . . Launcher 6 | . . . . . . . 2 4 . . . . . . . . . . . . . . . Special Weapon . | . . . . . . . . . . . . . . . . . . . . . . . . Impact Weapon 4 | . . . . . . . . . . . . . 4 . . . . . . . . . . Slashing Weapon . | . . . . . . . . . . . . . . . . . . . . . . . . Piercing Weapon . | . . . . . . . . . . . . . . . . . . . . . . . . Special Melee Weapon . | . . . . . . . . . . . . . . . . . . . . . . . . Unidentified Prototypes 15 | . . . . . 3 . 1 1 . . 2 . . . . . 7 1 . . . . . Parts Lost 75 | . . . . . . . 5 2 . . 10 . 11 . 2 16 . 14 4 3 5 . 3 Power 7 | . . . . . . . . . . . 1 . 1 . . 1 . 1 1 1 1 . . Propulsion 23 | . . . . . . . 3 1 . . 1 . 4 . 1 4 . 5 2 . 1 . 1 Utility 25 | . . . . . . . . . . . 3 . 3 . 1 6 . 4 1 2 3 . 2 Weapon 20 | . . . . . . . 2 1 . . 5 . 3 . . 5 . 4 . . . . . Highest Loss Streak 14 | . . . . . . . 4 2 . . 5 . 7 . 2 14 . 7 2 3 7 . 2 To Critical Strikes 1 | . . . . . . . . . . . . . . . . 1 . . . . . . . Average Slot Usage (%) 66 | . 90 100 88 88 81 90 92 69 72 76 58 73 41 64 83 44 54 75 42 55 27 . 15 Engine 2 | . 14 14 11 11 11 11 . . . . . . . 3 5 . 4 . . . . . . Core 2 | . . . . . . . 8 6 7 7 5 6 1 . . . . . . 5 . . . Treads 1 | . . . . . . . . 6 7 7 2 . . . . . . . . . . . . Leg 2 | . . . . . . . . . . . 1 6 1 . . . 5 22 . . . . . Hover 2 | . . . . . . . . . . . . . 1 13 28 9 5 . . . . . . Flight 8 | . 26 28 33 33 33 34 31 2 . . . . . . . . . . 11 10 6 . 4 Device 8 | . . . . . . . 3 6 10 15 1 . 5 9 21 14 9 14 17 14 12 . 7 Storage 3 | . . . . . . . 5 . . . 7 13 4 5 5 3 2 5 5 5 5 . 3 Processor 5 | . 22 28 22 22 14 11 9 7 7 7 7 6 1 . . . 1 4 . . . . . Hackware 8 | . . . . . . . 11 21 23 23 18 13 8 5 5 4 . . 4 5 1 . . Protection 2 | . . . . . . 11 5 . . . . . . . . 1 7 4 1 9 1 . . Energy Gun 7 | . 25 28 22 22 22 22 7 . . . 3 20 3 . . 2 12 16 . . . . . Energy Cannon 1 | . . . . . . . . 4 7 7 3 . . . . . . . . . . . . Launcher 2 | . . . . . . . 9 9 7 7 2 . . . . . . . . . . . . Naked Turns 16 | . . . . . . . . . . . . . . . . . . . . . . . 16 Heaviest Build 78 | 12 9 9 9 10 10 13 33 29 30 30 30 29 30 27 43 45 78 74 20 32 15 4 4 Greatest Support 115 | 20 8 8 12 12 12 16 24 22 22 22 22 20 24 48 40 40 115 115 22 22 22 7 7 Greatest Overweight (x) 9 | . 2 1 . . . 1 2 9 1 1 6 1 2 3 1 5 9 1 1 1 1 . . Average Overweight (x) . | . 1 1 . . . . . 1 1 1 1 1 . . . . . . . . . . . Largest Inventory Capacity 8 | 8 5 5 5 5 5 5 5 5 5 5 5 5 5 5 5 5 5 5 5 5 5 5 5 Average Capacity 5 | 6 5 5 5 5 5 5 5 5 5 5 5 5 5 5 5 5 5 5 5 5 5 5 5 Most Carried 5 | 5 5 5 5 5 5 5 5 5 5 4 5 4 5 5 5 5 5 5 5 3 5 5 5 Average Carried 3 | 2 4 5 4 4 2 4 4 4 4 4 3 3 3 2 4 4 3 3 2 2 3 5 5 Final Capacity 8 | 8 5 5 5 5 5 5 5 5 5 5 5 5 5 5 5 5 5 5 5 5 5 5 5 Final Carried 5 | 1 5 5 5 5 5 4 5 4 4 4 5 3 4 5 5 5 4 3 2 2 5 5 5 Class Distribution -------------------- 45% | Mutant 32% | Hacker-Mutant 9% | Tank 9% | Sprinter Dominant Class ---------------- Mutant | -10/Materials Mutant | -10/Mines Sprinter | -9/Materials Sprinter | -9/Mines Sprinter | -9/Exiles Mutant | -8/Mines Sprinter | -8/Materials Hacker-Mutant | -7/Factory Hacker-Mutant | -7/Lower Caves Hacker-Mutant | -7/Data Miner Hacker-Mutant | -6/Proximity Caves Hacker-Mutant | -6/Factory Mutant | -6/DSF Scout | -5/Factory Mutant | -5/Upper Caves Mutant | -5/Upper Caves Mutant | -5/Warlord Tank | -4/Proximity Caves Mutant | -4/Factory Mutant | -4/Upper Caves Mutant | -4/Upper Caves Mutant | -4/Zhirov Mutant | -3/Proximity Caves Resources | -11 -10 -10 -9 -9 -9 -8 -8 -7 -7 -7 -6 -6 -6 -5 -5 -5 -5 -4 -4 -4 -4 -4 -3 ----------- Run | Yrd Mat Min Mat Min Exi Min Mat Fac Low Dat Pro Fac DSF Fac Upp Upp War Pro Fac Upp Upp Zhi Pro Matter Collected 2219 | 195 125 . 10 . . 53 204 115 155 . 275 . 92 14 17 35 847 9 8 42 13 . 10 Remotely . | . . . . . . . . . . . . . . . . . . . . . . . . Salvage Created 1244 | . . 34 14 . . 37 455 169 20 . 236 . 95 14 . 59 . 111 . . . . . Parts 67 | . . 5 1 . . 4 23 4 . . 21 . 7 . . 1 . 1 . . . . . Haulers Intercepted . | . . . . . . . . . . . . . . . . . . . . . . . . Recyclers Shooed . | . . . . . . . . . . . . . . . . . . . . . . . . Parts Field Recycled 29 | . . . . . . . 22 3 4 . . . . . . . . . . . . . . Retrieved Matter 253 | . . . . . . . 234 9 10 . . . . . . . . . . . . . . Parts Self-Destructed 28 | . . . . . . . . . . . 19 . . . . 2 . 1 . . 6 . . Prevented . | . . . . . . . . . . . . . . . . . . . . . . . . Kills | -11 -10 -10 -9 -9 -9 -8 -8 -7 -7 -7 -6 -6 -6 -5 -5 -5 -5 -4 -4 -4 -4 -4 -3 ------- Run | Yrd Mat Min Mat Min Exi Min Mat Fac Low Dat Pro Fac DSF Fac Upp Upp War Pro Fac Upp Upp Zhi Pro Combat Hostiles Destroyed 46 | . . 4 . . . 3 19 4 1 . 9 . 3 . . 1 . 2 . . . . . Guns 14 | . . 4 . . . 3 3 . . . 1 . 2 . . . . 1 . . . . . Cannons 4 | . . . . . . . . 1 . . 2 . 1 . . . . . . . . . . AOE 27 | . . . . . . . 16 3 1 . 6 . . . . 1 . . . . . . . Classes Destroyed 14 | . . 2 1 . . . 6 2 . . 1 . 2 . . . . . . . . . . Worker 3 | . . . . . . . 1 1 . . . . . 1 . . . . . . . . . Recycler 1 | . . . . . . . . 1 . . . . . . . . . . . . . . . Operator 3 | . . . 1 . . . 2 . . . . . . . . . . . . . . . . Drone 2 | . . . . . . . . . . . 2 . . . . . . . . . . . . Watcher 1 | . . . . . . . 1 . . . . . . . . . . . . . . . . Swarmer 14 | . . 3 . . . 3 6 . . . 2 . . . . . . . . . . . . Cutter 2 | . . . . . . . . . . . . . 2 . . . . . . . . . . Grunt 8 | . . . . . . . 5 2 1 . . . . . . . . . . . . . . Duelist 2 | . . . . . . . 1 . . . . . . . . 1 . . . . . . . Sentry 6 | . . . . . . . 6 . . . . . . . . . . . . . . . . Demolisher 1 | . . 1 . . . . . . . . . . . . . . . . . . . . . Specialist 1 | . . . . . . . . . . . . . 1 . . . . . . . . . . Hunter 3 | . . . . . . . 1 . . . 2 . . . . . . . . . . . . Programmer 7 | . . . . . . . . 2 . . 3 . . . . . . 2 . . . . . Best Kill Streak 8 | . . 3 1 . . 2 8 2 1 . 3 . 1 1 . 1 . 1 . . . . . Combat Bots Only 7 | . . 3 . . . 2 7 2 1 . 3 . 1 . . 1 . 1 . . . . . Max Kills in Single Turn 5 | . . 1 1 . . 2 5 2 1 . 2 . 1 1 . 1 . 1 . . . . . Gunslinging 1 | . . . . . . 1 . . . . . . . . . . . . . . . . . Exploded 5 | . . . . . . . 5 2 1 . 1 . . . . 1 . . . . . . . Melee . | . . . . . . . . . . . . . . . . . . . . . . . . Uniques/NPCs Destroyed . | . . . . . . . . . . . . . . . . . . . . . . . . Combat | -11 -10 -10 -9 -9 -9 -8 -8 -7 -7 -7 -6 -6 -6 -5 -5 -5 -5 -4 -4 -4 -4 -4 -3 -------- Run | Yrd Mat Min Mat Min Exi Min Mat Fac Low Dat Pro Fac DSF Fac Upp Upp War Pro Fac Upp Upp Zhi Pro Hostile Shots Fired 1035 | . . 10 1 . . 12 52 28 3 . 127 . 67 2 26 143 . 254 78 40 100 . 92 Missed 452 | . . 2 . . . 5 19 10 1 . 59 . 26 1 7 39 . 107 36 16 68 . 56 Damage Taken 10083 | . 2 107 11 20 . 50 646 284 33 . 1023 . 1119 20 279 1676 . 2106 1006 417 502 . 782 Core 3195 | . . 42 . 20 . . 145 54 . . 349 . 415 . . 620 . 378 245 18 249 . 660 Absorbed by Shields 680 | . . . . . . . . . . . . . 36 . . . . 644 . . . . . Redirected to Shielding 108 | . . . . . . . . . . . . . . . . . . 108 . . . . . Ignored by Resistances 69 | . . . . . . . . . . . . . . . . . . 69 . . . . . Core Remaining (%) 63 | 100 . 83 . . . 95 73 . . . 42 . 51 . . . . . . . . . . Volleys Fired 107 | . . 4 1 . . 3 28 9 2 . 26 . 10 . 2 5 1 16 . . . . . Largest 4 | . . 2 2 . . 2 2 2 2 . 2 . 4 . 2 4 4 4 . . . . . Hottest 269 | . . 130 130 . . 145 145 69 69 . 111 . 269 . 123 245 210 210 . . . . . Shots Fired 213 | . . 8 2 . . 6 51 15 4 . 42 . 16 . 4 12 4 49 . . . . . Gun 130 | . . 8 2 . . 6 23 . . . 19 . 13 . . 6 4 49 . . . . . Cannon 38 | . . . . . . . . 9 2 . 14 . 3 . 4 6 . . . . . . . Launcher 45 | . . . . . . . 28 6 2 . 9 . . . . . . . . . . . . Special . | . . . . . . . . . . . . . . . . . . . . . . . . Kinetic 24 | . . . . . . . . . . . 7 . 7 . 4 6 . . . . . . . Thermal 100 | . . 8 2 . . 6 23 9 2 . 19 . 9 . . . 2 20 . . . . . Explosive 45 | . . . . . . . 28 6 2 . 9 . . . . . . . . . . . . Electromagnetic 44 | . . . . . . . . . . . 7 . . . . 6 2 29 . . . . . Robot Hit Streak 23 | . . 6 8 . . 9 23 3 2 . 7 . 8 . 2 4 5 6 . . . . . Robot Miss Streak 5 | . . . . . . 3 4 2 2 . 3 . 2 . 3 5 1 3 . . . . . Penetration Max . | . . . . . . . . . . . . . . . . . . . . . . . . Secondary Targets 2 | . . 1 . . . 1 . . . . . . . . . . . . . . . . . Max Gunslinging Chain 1 | . . 1 . . . 1 . . . . . . . . . . . . . . . . . Shots Hit Robots 137 | . . 6 2 . . 5 32 9 2 . 25 . 11 1 2 6 2 34 . . . . . Core Hits 94 | . 1 4 1 . . 3 37 9 2 . 14 . 7 . . 6 1 9 . . . . . Critical Kills 1 | . . . . . . . . . . . . . 1 . . . . . . . . . . Critical Parts Destroyed 2 | . . . . . . . . . . . 1 . . . 1 . . . . . . . . Critical Strikes 6 | . . 1 . . . . 1 . . . 1 . 2 . 1 . . . . . . . . Burn 3 | . . 1 . . . . 1 . . . . . 1 . . . . . . . . . . Destroy 3 | . . . . . . . . . . . 1 . 1 . 1 . . . . . . . . Melee Attacks 1 | . . . . . . . . . . . . . . 1 . . . . . . . . . Impact 1 | . . . . . . . . . . . . . . 1 . . . . . . . . . Slashing . | . . . . . . . . . . . . . . . . . . . . . . . . Piercing . | . . . . . . . . . . . . . . . . . . . . . . . . Sneak Attacks 1 | . . . . . . . . . . . . . . 1 . . . . . . . . . Combat Hostiles . | . . . . . . . . . . . . . . . . . . . . . . . . Follow-up Attacks . | . . . . . . . . . . . . . . . . . . . . . . . . Damage Inflicted 4933 | . 5 96 36 . . 71 1835 676 134 . 1058 . 236 42 54 268 35 379 8 . . . . Guns 1445 | . . 96 36 . . 71 369 . . . 230 . 185 . . 109 35 314 . . . . . Cannons 562 | . . . . . . . . 174 27 . 227 . 51 . 54 29 . . . . . . . Explosions 2797 | . . . . . . . 1466 502 107 . 601 . . . . 121 . . . . . . . Melee 42 | . . . . . . . . . . . . . . 42 . . . . . . . . . Ramming 87 | . 5 . . . . . . . . . . . . . . 9 . 65 8 . . . . Kinetic 274 | . . . . . . . . . . . 116 . 75 . 54 29 . . . . . . . Thermal 1664 | . . 96 36 . . 71 369 174 27 . 327 . 161 . . 121 13 269 . . . . . Explosive 2676 | . . . . . . . 1466 502 107 . 601 . . . . . . . . . . . . Electromagnetic 190 | . . . . . . . . . . . 14 . . . . 109 22 45 . . . . . Impact 42 | . . . . . . . . . . . . . . 42 . . . . . . . . . Slashing . | . . . . . . . . . . . . . . . . . . . . . . . . Piercing . | . . . . . . . . . . . . . . . . . . . . . . . . Highest Corruption 13 | . . . . . . . 2 . . . 2 . . . . . . 13 2 2 2 2 2 Average Corruption 4 | . . . . . . . 2 . . . 1 . . . . . . 10 1 2 2 2 2 Corruption Purged . | . . . . . . . . . . . . . . . . . . . . . . . . Corruption Blocked . | . . . . . . . . . . . . . . . . . . . . . . . . Effects 36 | . . . . . . . 1 . . . 5 . . . . . . 20 . 5 3 . 2 Message Errors 6 | . . . . . . . . . . . 1 . . . . . . 3 . 2 . . . Matter Fused 9 | . . . . . . . . . . . 2 . . . . . . 7 . . . . . Heat Flow Errors 3 | . . . . . . . . . . . . . . . . . . 2 . 1 . . . Energy Discharges 4 | . . . . . . . . . . . . . . . . . . 2 . 1 . . 1 Parts Rejected 2 | . . . . . . . . . . . . . . . . . . . . . 1 . 1 Parts Fused 1 | . . . . . . . 1 . . . . . . . . . . . . . . . . Data Loss (minor) 4 | . . . . . . . . . . . 1 . . . . . . . . 1 2 . . Data Loss (major) 1 | . . . . . . . . . . . 1 . . . . . . . . . . . . Alerts 1 | . . . . . . . . . . . . . . . . . . 1 . . . . . Misdirections 4 | . . . . . . . . . . . . . . . . . . 4 . . . . . Weapon Failures 1 | . . . . . . . . . . . . . . . . . . 1 . . . . . Overload Shots . | . . . . . . . . . . . . . . . . . . . . . . . . Overflow Damage 106 | . . . . . . . 65 12 . . 15 . . 2 12 . . . . . . . . Projectiles 12 | . . . . . . . . . . . . . . . 12 . . . . . . . . Explosions 92 | . . . . . . . 65 12 . . 15 . . . . . . . . . . . . Melee 2 | . . . . . . . . . . . . . . 2 . . . . . . . . . Knockbacks 3 | . . . . . . . . . . . . . . 1 1 . . 1 . . . . . Impact 2 | . . . . . . . . . . . . . . 1 . . . 1 . . . . . Kinetic 1 | . . . . . . . . . . . . . . . 1 . . . . . . . . Secondary . | . . . . . . . . . . . . . . . . . . . . . . . . Self-Inflicted Damage 135 | . 2 . . . . . 107 19 . . . . . . . 3 . . 4 . . . . Shots 4 | . . . . . . . 3 1 . . . . . . . . . . . . . . . Rammed 6 | . 1 . . . . . . . . . . . . . . 4 . . 1 . . . . Targets Rammed 22 | . 1 . . . . . . . . . . . . . . 4 . 16 1 . . . . Kicked 16 | . . . . . . . . . . . . . . . . . . 16 . . . . . Crushed . | . . . . . . . . . . . . . . . . . . . . . . . . Highest Temperature 574 | . . 225 72 . . 180 542 27 15 . 120 . 117 . 144 289 126 574 . 139 . . . Average Temperature 152 | . . 95 37 . . 79 180 9 11 . 46 . 49 . 76 156 69 214 . 64 . . . Received Heat Transfer 1237 | . . 20 6 . . . 180 27 18 . 87 . 135 9 . 135 . 404 114 54 39 . 9 Effects 26 | . . . . . . . 19 . . . . . . . . 3 . 4 . . . . . Shutdowns 3 | . . . . . . . 2 . . . . . . . . . . 1 . . . . . Energy Bleed 3 | . . . . . . . 2 . . . . . . . . 1 . . . . . . . Interference 6 | . . . . . . . 4 . . . . . . . . 2 . . . . . . . Matter Decay 1 | . . . . . . . 1 . . . . . . . . . . . . . . . . Short Circuit 2 | . . . . . . . 1 . . . . . . . . . . 1 . . . . . Damage (minor) 2 | . . . . . . . . . . . . . . . . . . 2 . . . . . Damage (major) 8 | . . . . . . . 8 . . . . . . . . . . . . . . . . Damage (core) 1 | . . . . . . . 1 . . . . . . . . . . . . . . . . Siege Activations . | . . . . . . . . . . . . . . . . . . . . . . . . Robots Corrupted . | . . . . . . . . . . . . . . . . . . . . . . . . Combat Hostiles . | . . . . . . . . . . . . . . . . . . . . . . . . Parts Fried 1 | . . . . . . . . . . . . . . 1 . . . . . . . . . Impact Corruptions 1 | . . . . . . . . . . . . . . 1 . . . . . . . . . Robots Melted 1 | . . . . . . . . . . . . . . . . . . 1 . . . . . Combat Hostiles 1 | . . . . . . . . . . . . . . . . . . 1 . . . . . Parts Melted 7 | . . . 1 . . . 1 . . . . . 1 . . . . 4 . . . . . Heat Transferred 3277 | . . 296 74 . . 149 908 222 37 . 444 . 381 . . 100 37 629 . . . . . Parts Sabotaged . | . . . . . . . . . . . . . . . . . . . . . . . . Parts Stolen . | . . . . . . . . . . . . . . . . . . . . . . . . Parts Stripped . | . . . . . . . . . . . . . . . . . . . . . . . . Power Chain Reactions 1 | . . . . . . . . . . . . . . . . 1 . . . . . . . Alert | -11 -10 -10 -9 -9 -9 -8 -8 -7 -7 -7 -6 -6 -6 -5 -5 -5 -5 -4 -4 -4 -4 -4 -3 ------- Run | Yrd Mat Min Mat Min Exi Min Mat Fac Low Dat Pro Fac DSF Fac Upp Upp War Pro Fac Upp Upp Zhi Pro Peak Influence 788 | . 20 107 136 58 . 100 788 401 . . . 150 155 80 . . . . 206 . . . . Initial 358 | . . 7 41 58 . . 39 358 . . . 150 105 75 . . . . 9 . . . . Average 210 | . 3 96 84 58 . 66 386 343 . . . 150 122 75 . . . . 53 . . . . Maximum Alert Level 3 | . . . . . . . 3 2 . . . . . . . . . . 1 . . . . Low Security (%) 62 | 100 100 100 100 100 . 100 39 3 . . . 100 100 100 . . . . 97 . . . . Level 1 22 | . . . . . . . 6 87 . . . . . . . . . . 2 . . . . Level 2 8 | . . . . . . . 27 8 . . . . . . . . . . . . . . . Level 3 6 | . . . . . . . 26 . . . . . . . . . . . . . . . . Level 4 . | . . . . . . . . . . . . . . . . . . . . . . . . Level 5 . | . . . . . . . . . . . . . . . . . . . . . . . . High Security . | . . . . . . . . . . . . . . . . . . . . . . . . Max Security . | . . . . . . . . . . . . . . . . . . . . . . . . Squads Dispatched 16 | . . . . . . . 3 6 . . . . 1 2 . . . . 4 . . . . Investigation 8 | . . . . . . . 1 3 . . . . . 2 . . . . 2 . . . . Extermination 2 | . . . . . . . . 2 . . . . . . . . . . . . . . . Reinforcement 6 | . . . . . . . 2 1 . . . . 1 . . . . . 2 . . . . Assault . | . . . . . . . . . . . . . . . . . . . . . . . . Garrison . | . . . . . . . . . . . . . . . . . . . . . . . . Intercept . | . . . . . . . . . . . . . . . . . . . . . . . . Searches Triggered . | . . . . . . . . . . . . . . . . . . . . . . . . Data Miner Redirects 1 | . . . . . . . . . . . . . . . . . . . 1 . . . . Construction Impeded . | . . . . . . . . . . . . . . . . . . . . . . . . Haulers Reinforced . | . . . . . . . . . . . . . . . . . . . . . . . . Active Scanning Responses . | . . . . . . . . . . . . . . . . . . . . . . . . Cargo Convoy Interrupts . | . . . . . . . . . . . . . . . . . . . . . . . . Stealth | -11 -10 -10 -9 -9 -9 -8 -8 -7 -7 -7 -6 -6 -6 -5 -5 -5 -5 -4 -4 -4 -4 -4 -3 --------- Run | Yrd Mat Min Mat Min Exi Min Mat Fac Low Dat Pro Fac DSF Fac Upp Upp War Pro Fac Upp Upp Zhi Pro Distress Signals 4 | . 1 . . . . . 2 . . . . . . . . . . . . . . . 1 Communications Jammed . | . . . . . . . . . . . . . . . . . . . . . . . . Distress Signals . | . . . . . . . . . . . . . . . . . . . . . . . . Times Spotted 178 | . 1 6 10 . . 5 23 6 1 . 13 . 14 3 4 11 11 7 19 7 14 . 23 Peak Tracking Total 12 | . 3 3 7 . . 3 8 2 1 . 4 . 7 4 4 5 12 4 8 7 9 . 11 Tactical Retreats 35 | . . 1 1 . . 1 1 . . . 1 . 4 . . 4 1 2 7 2 4 . 6 Traps | -11 -10 -10 -9 -9 -9 -8 -8 -7 -7 -7 -6 -6 -6 -5 -5 -5 -5 -4 -4 -4 -4 -4 -3 ------- Run | Yrd Mat Min Mat Min Exi Min Mat Fac Low Dat Pro Fac DSF Fac Upp Upp War Pro Fac Upp Upp Zhi Pro Traps Triggered 7 | . . . . 1 . . 1 2 . . . . 3 . . . . . . . . . . Indirectly . | . . . . . . . . . . . . . . . . . . . . . . . . Trap Hack Attempts . | . . . . . . . . . . . . . . . . . . . . . . . . Triggered . | . . . . . . . . . . . . . . . . . . . . . . . . Disarmed . | . . . . . . . . . . . . . . . . . . . . . . . . Reprogrammed . | . . . . . . . . . . . . . . . . . . . . . . . . Reused . | . . . . . . . . . . . . . . . . . . . . . . . . Traps Extracted . | . . . . . . . . . . . . . . . . . . . . . . . . Installed . | . . . . . . . . . . . . . . . . . . . . . . . . Triggered 7 | . . . . . . . . . . . . . . . . 1 6 . . . . . . Machines | -11 -10 -10 -9 -9 -9 -8 -8 -7 -7 -7 -6 -6 -6 -5 -5 -5 -5 -4 -4 -4 -4 -4 -3 ---------- Run | Yrd Mat Min Mat Min Exi Min Mat Fac Low Dat Pro Fac DSF Fac Upp Upp War Pro Fac Upp Upp Zhi Pro Machines Disabled 13 | . . . . . . . 7 6 . . . . . . . . . . . . . . . Max in Single Turn 3 | . . . . . . . 3 2 . . . . . . . . . . . . . . . Garrison Access 1 | . . . . . . . 1 . . . . . . . . . . . . . . . . Machines Repaired . | . . . . . . . . . . . . . . . . . . . . . . . . Machines Dismantled . | . . . . . . . . . . . . . . . . . . . . . . . . Machines Sabotaged . | . . . . . . . . . . . . . . . . . . . . . . . . Overloaded Fab Kills . | . . . . . . . . . . . . . . . . . . . . . . . . Hacking | -11 -10 -10 -9 -9 -9 -8 -8 -7 -7 -7 -6 -6 -6 -5 -5 -5 -5 -4 -4 -4 -4 -4 -3 --------- Run | Yrd Mat Min Mat Min Exi Min Mat Fac Low Dat Pro Fac DSF Fac Upp Upp War Pro Fac Upp Upp Zhi Pro Machines Accessed 30 | . 1 . . 2 . . 3 4 . 4 . 1 . 3 1 1 1 . 6 . 2 . 1 Terminals 13 | . 1 . . . . . . 4 . . . 1 . 2 . . . . 4 . . . 1 Fabricators . | . . . . . . . . . . . . . . . . . . . . . . . . Repair Stations . | . . . . . . . . . . . . . . . . . . . . . . . . Recycling Units 4 | . . . . . . . 1 . . . . . . 1 . . . . 2 . . . . Scanalyzers 1 | . . . . . . . 1 . . . . . . . . . . . . . . . . Garrison Access 1 | . . . . . . . 1 . . . . . . . . . . . . . . . . Total Hacks 87 | . 2 . . 2 . . 6 12 . 29 . 2 . 9 1 1 1 . 14 . 7 . 1 Successful 66 | . 2 . . 2 . . 4 5 . 29 . 1 . 3 1 1 1 . 9 . 7 . 1 Failed 21 | . . . . . . . 2 7 . . . 1 . 6 . . . . 5 . . . . Catastrophic 7 | . . . . . . . . 1 . . . . . 3 . . . . 3 . . . . Database Lockouts . | . . . . . . . . . . . . . . . . . . . . . . . . Manual 5 | . . . . . 1 . . . . 2 . . . . . . 1 . . . . . 1 Terminals 33 | . 2 . . . . . . 12 . . . 2 . 6 . . . . 10 . . . 1 Fabricators . | . . . . . . . . . . . . . . . . . . . . . . . . Repair Stations . | . . . . . . . . . . . . . . . . . . . . . . . . Recycling Units 9 | . . . . . . . 2 . . . . . . 3 . . . . 4 . . . . Scanalyzers 3 | . . . . . . . 3 . . . . . . . . . . . . . . . . Garrison Access 1 | . . . . . . . 1 . . . . . . . . . . . . . . . . Terminal Hacks 58 | . 2 . . 2 . . . 5 . 29 . 1 . 2 1 1 1 . 6 . 7 . 1 Record 29 | . . . . . . . . 4 . 11 . . . 2 . . . . 5 . 6 . 1 Part Schematic 10 | . . . . . . . . . . 10 . . . . . . . . . . . . . Robot Schematic 5 | . . . . . . . . . . 5 . . . . . . . . . . . . . Prototype ID Bank 4 | . 1 . . . . . . . . 3 . . . . . . . . . . . . . Open Door 6 | . . . . 2 . . . . . . . . . . 1 1 1 . . . 1 . . Open DSF 3 | . . . . . . . . 1 . . . 1 . . . . . . 1 . . . . Locate Traps 1 | . 1 . . . . . . . . . . . . . . . . . . . . . . Fabricator Hacks . | . . . . . . . . . . . . . . . . . . . . . . . . Repair Station Hacks . | . . . . . . . . . . . . . . . . . . . . . . . . Recycling Unit Hacks 6 | . . . . . . . 2 . . . . . . 1 . . . . 3 . . . . Report Inventory 3 | . . . . . . . 1 . . . . . . 1 . . . . 1 . . . . Retrieve Components 3 | . . . . . . . 1 . . . . . . . . . . . 2 . . . . Scanalyzer 1 | . . . . . . . 1 . . . . . . . . . . . . . . . . Insert Component 1 | . . . . . . . 1 . . . . . . . . . . . . . . . . Garrison Access Hacks 1 | . . . . . . . 1 . . . . . . . . . . . . . . . . Seal Access 1 | . . . . . . . 1 . . . . . . . . . . . . . . . . Unauthorized Hacks . | . . . . . . . . . . . . . . . . . . . . . . . . Terminals . | . . . . . . . . . . . . . . . . . . . . . . . . Fabricators . | . . . . . . . . . . . . . . . . . . . . . . . . Repair Stations . | . . . . . . . . . . . . . . . . . . . . . . . . Recycling Units . | . . . . . . . . . . . . . . . . . . . . . . . . Scanalyzers . | . . . . . . . . . . . . . . . . . . . . . . . . Garrison Access . | . . . . . . . . . . . . . . . . . . . . . . . . Data Cores Recovered 1 | . . . 1 . . . . . . . . . . . . . . . . . . . . Used . | . . . . . . . . . . . . . . . . . . . . . . . . Hacking Detections 13 | . . . . . . . 1 4 . . . 1 . 3 . . . . 4 . . . . Full Trace Events 8 | . . . . . . . 1 3 . . . . . 2 . . . . 2 . . . . Feedback Events . | . . . . . . . . . . . . . . . . . . . . . . . . Feedback Blocked . | . . . . . . . . . . . . . . . . . . . . . . . . Robot Schematics Acquired 5 | . . . . . . . . . . 5 . . . . . . . . . . . . . Robots Built . | . . . . . . . . . . . . . . . . . . . . . . . . Authchips . | . . . . . . . . . . . . . . . . . . . . . . . . Time . | . . . . . . . . . . . . . . . . . . . . . . . . Total Robot Build Rating . | . . . . . . . . . . . . . . . . . . . . . . . . Part Schematics Acquired 10 | . . . . . . . . . . 10 . . . . . . . . . . . . . Parts Built . | . . . . . . . . . . . . . . . . . . . . . . . . Authchips . | . . . . . . . . . . . . . . . . . . . . . . . . Time . | . . . . . . . . . . . . . . . . . . . . . . . . Total Part Build Rating . | . . . . . . . . . . . . . . . . . . . . . . . . Parts Repaired . | . . . . . . . . . . . . . . . . . . . . . . . . Time . | . . . . . . . . . . . . . . . . . . . . . . . . Parts Recycled . | . . . . . . . . . . . . . . . . . . . . . . . . Recycled Matter . | . . . . . . . . . . . . . . . . . . . . . . . . Retrieved Matter . | . . . . . . . . . . . . . . . . . . . . . . . . Retrieved Components 7 | . . . . . . . 5 . . . . . . . . . . . 2 . . . . Parts Scanalyzed . | . . . . . . . . . . . . . . . . . . . . . . . . Part Schematics Acquired . | . . . . . . . . . . . . . . . . . . . . . . . . Parts Damaged . | . . . . . . . . . . . . . . . . . . . . . . . . Bothacking | -11 -10 -10 -9 -9 -9 -8 -8 -7 -7 -7 -6 -6 -6 -5 -5 -5 -5 -4 -4 -4 -4 -4 -3 ------------ Run | Yrd Mat Min Mat Min Exi Min Mat Fac Low Dat Pro Fac DSF Fac Upp Upp War Pro Fac Upp Upp Zhi Pro Used RIF Installer . | . . . . . . . . . . . . . . . . . . . . . . . . Robots Hacked . | . . . . . . . . . . . . . . . . . . . . . . . . Non-combat . | . . . . . . . . . . . . . . . . . . . . . . . . Combat . | . . . . . . . . . . . . . . . . . . . . . . . . Robot Hacks Applied . | . . . . . . . . . . . . . . . . . . . . . . . . Relay Couplers Released . | . . . . . . . . . . . . . . . . . . . . . . . . Fabnet Peak Effective % . | . . . . . . . . . . . . . . . . . . . . . . . . Robots Rewired . | . . . . . . . . . . . . . . . . . . . . . . . . Allies Hacked . | . . . . . . . . . . . . . . . . . . . . . . . . Hacks Repelled . | . . . . . . . . . . . . . . . . . . . . . . . . Allies | -11 -10 -10 -9 -9 -9 -8 -8 -7 -7 -7 -6 -6 -6 -5 -5 -5 -5 -4 -4 -4 -4 -4 -3 -------- Run | Yrd Mat Min Mat Min Exi Min Mat Fac Low Dat Pro Fac DSF Fac Upp Upp War Pro Fac Upp Upp Zhi Pro Total Allies 1 | . . . . . . . . . . . 1 . . . . . . . . . . . . Largest Group 1 | . . . . . . . . . . . 1 . . . . . . . . . . . . Highest-Rated Group 96 | . . . . . . . . . . . 96 . . . . . . . . . . . . Highest-Rated Ally 96 | . . . . . . . . . . . 96 . . . . . . . . . . . . Total Orders . | . . . . . . . . . . . . . . . . . . . . . . . . Ally Attacks 24 | . . . . . . . . . . . 24 . . . . . . . . . . . . Total Damage 755 | . . . . . . . . . . . 755 . . . . . . . . . . . . Kills 3 | . . . . . . . . . . . 3 . . . . . . . . . . . . Allies Corrupted . | . . . . . . . . . . . . . . . . . . . . . . . . Allies Melted . | . . . . . . . . . . . . . . . . . . . . . . . . Intel | -11 -10 -10 -9 -9 -9 -8 -8 -7 -7 -7 -6 -6 -6 -5 -5 -5 -5 -4 -4 -4 -4 -4 -3 ------- Run | Yrd Mat Min Mat Min Exi Min Mat Fac Low Dat Pro Fac DSF Fac Upp Upp War Pro Fac Upp Upp Zhi Pro Robot Analysis Total . | . . . . . . . . . . . . . . . . . . . . . . . . Derelict Logs Recovered 13 | . . . . 2 . . . . 1 . 3 . . . 2 1 . 1 . 2 1 . . Drone Launches . | . . . . . . . . . . . . . . . . . . . . . . . . Drone Recoveries . | . . . . . . . . . . . . . . . . . . . . . . . . Exploration | -11 -10 -10 -9 -9 -9 -8 -8 -7 -7 -7 -6 -6 -6 -5 -5 -5 -5 -4 -4 -4 -4 -4 -3 ------------- Run | Yrd Mat Min Mat Min Exi Min Mat Fac Low Dat Pro Fac DSF Fac Upp Upp War Pro Fac Upp Upp Zhi Pro Turns Passed 7456 | 41 165 158 48 134 125 177 761 694 297 214 990 8 237 207 323 289 901 675 410 231 189 2 180 Spaces Moved 7550 | 35 124 131 149 434 382 247 542 262 128 96 538 4 158 282 438 388 626 617 730 234 509 5 491 Core 706 | 18 5 . . . . . . 13 . . 165 . 86 . . 155 93 6 111 . . . 54 Treads 737 | . . . . . . . 17 244 128 96 252 . . . . . . . . . . . . Legs 846 | 17 . . . . . . . . . . 121 4 16 . . . 206 482 . . . . . Wheels 33 | . . . . . . . . . . . . . 33 . . . . . . . . . . Hover 1302 | . . . . . . . . . . . . . 23 282 438 233 326 . . . . . . Flight 3926 | . 119 131 149 434 382 247 525 5 . . . . . . . . 1 129 619 234 509 5 437 Fastest Speed 27 | 50 32 112 29 29 29 27 27 145 225 225 50 190 50 36 38 38 50 35 32 34 34 35 35 Average Speed 87 | 84 110 112 29 29 29 60 89 234 225 225 167 190 109 65 70 65 136 94 49 97 35 35 36 Slowest Speed 685 | 120 150 112 29 29 29 112 200 500 225 225 350 190 190 240 108 300 685 170 102 109 105 35 50 Overloaded Moves . | . . . . . . . . . . . . . . . . . . . . . . . . Propulsion Burnouts . | . . . . . . . . . . . . . . . . . . . . . . . . Robots Hopped 16 | . . . . 5 . . 4 . . . . . . . . . . . 7 . . . . Cave-ins Triggered . | . . . . . . . . . . . . . . . . . . . . . . . . Exploration Rate (%) 46 | 4 26 28 26 82 60 65 54 6 26 75 67 . 77 6 63 50 62 89 22 46 66 7 57 Regions Visited 23 Branch Regions 15 Pre-discovered Areas 1 | . . . . . . . . . . 1 . . . . . . . . . . . . . Known Exits Taken 5 | . . . . . . 1 1 . . . . 1 . . . . . . 1 1 . . . Unknown Exits Taken 17 | 1 1 1 1 1 1 . . 1 1 1 1 . . 1 1 1 1 1 . . 1 1 . Scrap Searched 15 | . . . . . . 1 . . 2 . 1 . . . 2 3 . 1 . 2 1 . 2 Spaces Dug . | . . . . . . . . . . . . . . . . . . . . . . . . Terrain Destroyed 576 | . . . . . . . 326 77 37 . 127 . . . 3 6 . . . . . . . Melee . | . . . . . . . . . . . . . . . . . . . . . . . . Projectile 7 | . . . . . . . . . . . 1 . . . 3 3 . . . . . . . AOE 569 | . . . . . . . 326 77 37 . 126 . . . . 3 . . . . . . . Terrain Rammed . | . . . . . . . . . . . . . . . . . . . . . . . . Walls Destroyed . | . . . . . . . . . . . . . . . . . . . . . . . . Machines Disabled . | . . . . . . . . . . . . . . . . . . . . . . . . Actions | -11 -10 -10 -9 -9 -9 -8 -8 -7 -7 -7 -6 -6 -6 -5 -5 -5 -5 -4 -4 -4 -4 -4 -3 --------- Run | Yrd Mat Min Mat Min Exi Min Mat Fac Low Dat Pro Fac DSF Fac Upp Upp War Pro Fac Upp Upp Zhi Pro Total 8205 | 46 152 134 151 438 399 265 760 325 134 95 582 5 210 302 447 408 679 659 769 235 515 4 491 Wait 251 | . 9 . . . . 11 152 39 1 . . . . . . 3 . 8 28 . . . . Move 7495 | 34 123 130 148 423 381 246 533 261 127 95 537 3 157 281 437 387 625 616 715 233 508 4 491 Hop 16 | . . . . 5 . . 4 . . . . . . . . . . . 7 . . . . Pick Up 110 | 6 8 . 1 4 7 . 14 5 2 . 9 . 10 10 1 1 20 . 7 1 4 . . Fast Attach 33 | 1 2 . . 1 . 2 1 4 . . 2 . 7 1 2 4 1 . 3 . 2 . . Attach 79 | 5 4 . 1 . 3 1 5 5 1 . 8 2 7 6 1 2 17 2 8 1 . . . Detach 6 | . . . . . . . 2 . . . . . . . . 1 2 1 . . . . . Swap 14 | . . . . . . 1 9 2 . . . . 1 . . 1 . . . . . . . Drop 56 | . 5 . . 5 8 1 12 . 1 . . . 3 3 4 . 13 . . . 1 . . Fire 107 | . . 4 1 . . 3 28 9 2 . 26 . 10 . 2 5 1 16 . . . . . Melee 1 | . . . . . . . . . . . . . . 1 . . . . . . . . . Ram 6 | . 1 . . . . . . . . . . . . . . 4 . . 1 . . . . Kick 16 | . . . . . . . . . . . . . . . . . . 16 . . . . . Crush . | . . . . . . . . . . . . . . . . . . . . . . . . Escape Stasis 15 | . . . . . . . . . . . . . 15 . . . . . . . . . . Rewire . | . . . . . . . . . . . . . . . . . . . . . . . . Trap . | . . . . . . . . . . . . . . . . . . . . . . . . Miscellaneous . | . . . . . . . . . . . . . . . . . . . . . . . . Route ------- -11/Scrapyard -10/Materials -10/Mines -9/Materials -9/Mines (discovered 3 exits: *Mat x2 / *Exi) -9/Exiles -8/Mines (discovered 2 exits: *Mat x2) -8/Materials -7/Factory -7/Lower Caves -7/Data Miner -6/Proximity Caves -6/Factory (discovered 2 exits: Low / DSF) -6/DSF -5/Factory -5/Upper Caves -5/Upper Caves -5/Warlord -4/Proximity Caves -4/Factory (discovered 3 exits: Res x2 / *Upp) -4/Upper Caves -4/Upper Caves (discovered 2 exits: Res / [*Zhi]) -4/Zhirov -3/Proximity Caves History --------- Turn | Location | Event 13 | -11/Scrapyard | Discovered new exit (range 15) 42 | -11/Scrapyard | Entered Materials 194 | -10/Materials | Discovered new exit (range 12) 207 | -10/Materials | Entered Mines 228 | -10/Mines | Assembled infested the area 253 | -10/Mines | Discovered new exit (range 15) 306 | -10/Mines | Build established: Mutant 365 | -10/Mines | Entered Materials 365 | -9/Materials | Evolved 2 slots: Propulsion x2 409 | -9/Materials | Discovered new exit (range 16) 413 | -9/Materials | Entered Mines 458 | -9/Mines | Met a Derelict who couldn't figure out how to use a Trap Extractor 486 | -9/Mines | Found the Drone Emporium 486 | -9/Mines | Found Prototype Device 505 | -9/Mines | Identified exit to Materials 517 | -9/Mines | YI-UF0 nonchalantly dropped a Grenade Launcher on the ground 530 | -9/Mines | Found a hidden stash of uninstalled traps 536 | -9/Mines | Discovered exit to Materials (range 7) 546 | -9/Mines | Deemed a non-threat by the Exiles lab entrance 546 | -9/Mines | Discovered new exit (range 5) 547 | -9/Mines | Entered Exiles 555 | -9/Exiles | Met 8R-AWN 560 | -9/Exiles | Met EX-HEX 568 | -9/Exiles | Met EX-BIN 572 | -9/Exiles | Aligned with FarCom system 572 | -9/Exiles | Given EX-Vault access code 579 | -9/Exiles | Opened EX-Vault 582 | -9/Exiles | Identified Sensor Drone Bay 585 | -9/Exiles | Found Prototype Storage 586 | -9/Exiles | Identified Superbattery 588 | -9/Exiles | Found Prototype Device 589 | -9/Exiles | Identified Chronowheel 589 | -9/Exiles | Activated Chronowheel 599 | -9/Exiles | Warned to stay clear of 0b10 Research branches 607 | -9/Exiles | Met EX-DEC 668 | -9/Exiles | Discovered new exit (range 14) 671 | -9/Exiles | Build established: Sprinter 672 | -9/Exiles | Left Exiles lab with Superbattery 672 | -9/Exiles | Entered Mines 840 | -8/Mines | Discovered exit to Materials (range 10) 846 | -8/Mines | Discovered exit to Materials (range 8) 849 | -8/Mines | Entered Materials 849 | -8/Materials | Evolved 2 slots: Utility x2 850 | -8/Materials | Identified exit to Factory 1211 | -8/Materials | Destroyed 7 combat bots 1597 | -8/Materials | Lost 4 parts (2n2w) 1610 | -8/Materials | Entered Factory 1610 | -7/Factory | Evolved 2 slots: Utility x2 1683 | -7/Factory | Identified exit to DSF 1689 | -7/Factory | Build established: Hacker-Mutant 2263 | -7/Factory | Discovered new exit (range 14) 2304 | -7/Factory | Entered Lower Caves 2348 | -7/Lower Caves | Encountered a Warlord checkpoint 2488 | -7/Lower Caves | Learned Factory emergency access door positions 2581 | -7/Lower Caves | A Derelict revealed a hidden shortcut to meet someone special 2601 | -7/Lower Caves | Entered Data Miner 2601 | -7/Data Miner | Discovered new exit (range 6) 2644 | -7/Data Miner | Met Data Miner 2723 | -7/Data Miner | Learned location of Section 7 (-2) 2723 | -7/Data Miner | Acquired the access code to Warlord's prototype stash 2761 | -7/Data Miner | Received God Mode back door access code from Data Miner 2815 | -7/Data Miner | Entered Proximity Caves 2858 | -6/Proximity Caves | Attracted the attention of an 0b10 checkpoint 2869 | -6/Proximity Caves | Escorted by Enhanced Grunt 2876 | -6/Proximity Caves | Spotter reported a threat 3163 | -6/Proximity Caves | Ambushed by research squad 3220 | -6/Proximity Caves | Learned Factory security intel 3230 | -6/Proximity Caves | Spotted B-75 Beast 3282 | -6/Proximity Caves | Core integrity fell below 50% 3301 | -6/Proximity Caves | Lost 5 parts (1n1u3w) 3482 | -6/Proximity Caves | Discovered new exit (range 14) 3588 | -6/Proximity Caves | Learned 4 Factory zone layouts 3805 | -6/Proximity Caves | Entered Factory 3805 | -6/Factory | Evolved 2 slots: Weapon x2 3806 | -6/Factory | Identified exit to Lower Caves 3811 | -6/Factory | Identified exit to DSF 3813 | -6/Factory | Entered DSF 3852 | -6/DSF | Additional patrols routed to DSF 3913 | -6/DSF | Lost 7 parts (1p1n3u2w) 4036 | -6/DSF | Discovered new exit (range 12) 4050 | -6/DSF | Entered Factory 4050 | -5/Factory | Evolved 2 slots: Power x1, Propulsion x1 4075 | -5/Factory | Lost 3 parts (3n) 4250 | -5/Factory | Discovered new exit (range 11) 4257 | -5/Factory | Entered Upper Caves 4260 | -5/Upper Caves | Learned Factory trap positions 4521 | -5/Upper Caves | Learned 12 Factory zone layouts 4541 | -5/Upper Caves | Build established: Mutant 4579 | -5/Upper Caves | Discovered new exit (range 5) 4580 | -5/Upper Caves | Entered another Upper Caves area 4782 | -5/Upper Caves | Core integrity fell below 50% 4835 | -5/Upper Caves | Lost 14 parts (4n5u5w) 4861 | -5/Upper Caves | Learned location of 1 exit from Factory 4866 | -5/Upper Caves | Discovered new exit (range 8) 4869 | -5/Upper Caves | Entered Warlord 5040 | -5/Warlord | Opened side exit 5056 | -5/Warlord | Discovered new exit (range 10) 5333 | -5/Warlord | Met Warlord 5358 | -5/Warlord | Warlord's base attacked by MAIN.C 5380 | -5/Warlord | Opened Warlord's prototype stash 5410 | -5/Warlord | Found Prototype Reactor 5412 | -5/Warlord | Identified Vortex Chain Reactor 5420 | -5/Warlord | Found Prototype Device 5421 | -5/Warlord | Identified Exp. Cloaking Device 5443 | -5/Warlord | Found Prototype Processor 5452 | -5/Warlord | Identified Spectral Analyzer 5455 | -5/Warlord | Found Prototype Device 5587 | -5/Warlord | Warlord forces counterattacked 5758 | -5/Warlord | Spotted Executioner 5770 | -5/Warlord | Entered Proximity Caves 5796 | -4/Proximity Caves | Learned Research stockpile data 5801 | -4/Proximity Caves | Lost 3 allies 5845 | -4/Proximity Caves | Build established: Tank 5874 | -4/Proximity Caves | Identified Thermal Barrier 6148 | -4/Proximity Caves | System corruption reached 10% 6239 | -4/Proximity Caves | Spotted B-86 Titan 6339 | -4/Proximity Caves | Core integrity fell below 20% 6369 | -4/Proximity Caves | Lost 7 parts (3n2u2w) 6427 | -4/Proximity Caves | Lost 3 parts (1p1n1u) 6443 | -4/Proximity Caves | Discovered new exit (range 8) 6445 | -4/Proximity Caves | Entered Factory 6445 | -4/Factory | Evolved 2 slots: Propulsion x1, Utility x1 6446 | -4/Factory | Identified exit to Research 6447 | -4/Factory | Identified exit to Upper Caves 6448 | -4/Factory | Loaded intel: 124 trap records 6459 | -4/Factory | Build established: Mutant 6536 | -4/Factory | Incoming investigation squad redirected 6855 | -4/Factory | Entered Upper Caves 6974 | -4/Upper Caves | Attracted the attention of an 0b10 outpost 7047 | -4/Upper Caves | Learned Research trap positions 7081 | -4/Upper Caves | Identified exit to Upper Caves 7086 | -4/Upper Caves | Entered another Upper Caves area 7170 | -4/Upper Caves | Lost 7 parts (2p1n4u) 7180 | -4/Upper Caves | Learned Research trap positions 7180 | -4/Upper Caves | Learned Factory stockpile data 7180 | -4/Upper Caves | Learned Extension garrison access intel 7271 | -4/Upper Caves | Discovered new exit (range 13) 7275 | -4/Upper Caves | Entered Zhirov 7275 | -4/Zhirov | Discovered new exit (range 3) 7277 | -4/Zhirov | Entered Proximity Caves 7370 | -3/Proximity Caves | Core integrity fell below 50% 7434 | -3/Proximity Caves | Attracted the attention of an 0b10 checkpoint 7443 | -3/Proximity Caves | Core integrity fell below 20% 7457 | -3/Proximity Caves | Destroyed by S-43 Plague with Heavy Machine Gun Last Messages --------------- 07364_ Searching scrap... 07364_ Found Mak. Laser. 07364_ Found Lyr. Medium Armor Plating. 07364_ Found Adv. Shield Generator. 07364_ Found Imp. Reaction Control System. 07364_ Found 31 Matter. 07368_ Acquired 5 matter. 07369_ K6-8PP(k) destroyed. 07369_ Exp. Cloaking Device destroyed. 07370_ Acquired 4 matter. 07393_ N-01 Spotter sends out distress signal. 07409_ Exp. Matter Compressor destroyed. 07430_ Cld. Impulse Thruster destroyed. 07433_ Slug penetrates Wall. 07434_ Y-72 Warden: "INTERCEPTING UNREGISTERED DERELICT." 07436_ Penetrated by Slug. 07436_ Slug penetrates Wall. 07441_ System corrupted: Graphene Brace rejected. 07441_ Slug penetrates Wall. 07445_ Penetrated by Slug. Map ----- +----------------------------------------------------+ | | | | | | | | | | | | | | | ?????????????????????????????????????????????????? | | ?????????????????????????????????????????????????? | | ?????????????????????????????????????????????????? | | ?????????????????????????????????????????????????? | | ?????????????????????????????????????????????????? | | ?????????????????????????????????????????????????? | | ?????????????????????????????????????????????????? | | ?????????????????????????????????????????????????? | | ?????????????????????????????????????????????????? | | ?????????????????????????????????????????????????? | | ?????????????????????????????????????????????????? | | ?????????????????????????????????????????????????? | | ?????????????????????????????????????????????????? | | ?????????????????????????????????????????????????? | | ???????????????????##????????????????????????????? | | ???????????????????# #######?###?????????????????? | | ??????????????###??# ## ##????????????????? | | ?????????????## ##?# #####????????????? | | ?????????????# ##?# @ #????????????? | | ?????????????# ### #??????????? | | ?????????????# ss #### #???????????? | | ????????????# ss s #??????????????????? | | ????????????# ## ##?????????????????? | | ????????????# ###### ##????????????????? | | ????????????## #????##h ##???????????????? | | ?????????????## #????## #???????????????? | | ??????????????## ## #????# ##??????????????? | | ???????????????###?# #????# ##?????????????? | | ???????????????????####????## ##????????????? | | ???????????????????????????## #????????????? | | ?????????????????????????### #????????????? | | ?????????????????????????# ## #???????? | | ?????????????????????????# ##?## #???????? | | ????????????????????????## ##????# #??????? | | ?????????????????????#### #?????? ## #??????? | | ?????????????????????# ##???????##?? ##??????? | | ?????????????????????# ####??????????????????? | | ?????????????????????# ! #??????????????????? | | ????????????????????## #####??????????????? | | ????????????????????# "# ##?????????????? | | ????????????????????# #?????????????? | | ????????????????????# ##????????????? | | ????????????????????## #????????????? | +----------------------------------------------------+ Best States ------------- Heat Dissipation 43 Energy Generation 55 Energy Capacity 2160 Matter Stores 800 Matter Capacity 800 Sight Range 24 Robot Scan Range 16 Terrain Scan Density 10 Cloak Strength 4 Armor Coverage 300 Resistance: TH 50 Power Shielding 66 Weapon Cycling 15 Evasion (%) 71 Targeting Accuracy 12 Recoil Reduction 1 Offensive Hacking 20 Defensive Hacking 10 Item Schematics ----------------- Combat Drone Bay | -7/Data Miner | Free Lgt. Regenerative Plating | -7/Data Miner | Free Cld. Cesium-ion Thruster | -7/Data Miner | Free Gravity Neutralizer | -7/Data Miner | Free Prc. Rocket Launcher | -7/Data Miner | Free Nuclear Pulse Array | -7/Data Miner | Free Adv. Trap Extractor | -7/Data Miner | Free Mass Driver | -7/Data Miner | Free Launcher Loader | -7/Data Miner | Free Neutrino Core | -7/Data Miner | Free Robot Schematics ------------------ P-60 Hacker | -7/Data Miner | Free G-50 Soldier | -7/Data Miner | Free G-47 Trooper | -7/Data Miner | Free B-48 Gladiator | -7/Data Miner | Free P-70 Sage | -7/Data Miner | Free Fabricated ------------ Nothing Alien Tech Used ----------------- None Achievements -------------- A Powerful Ally? Adventurer Charge!!! Close Call Dramatic Entrance Explorer I'm Back, Baby! Quick And Dirty Reappropriation Respectable Loadout Serviceable Loadout The Oracle Universal Adapter Challenges ------------ None Game ------ Seed MagneticScatterRedistributor Manual? 0 Play Time 01:52:55 Cumulative 10.3 hours Start 2024.04.01 @ 21:24:44 End 2024.04.01 @ 23:27:38 Sessions 1 Manual Loads 0 Difficulty Rogue Special Mode None Game No. 26 Rogue 23 Adventurer 3 Explorer 0 Win Type - Total 0 Types 0/0/0/0/0/0/0/0/0 Lore% 18 Gallery% 19 Achievement% 22 Wizard Run 0 Options --------- Layout 1 ASCII 0 Keyboard 0 Movement Mouse Keybinds 0 Fullscreen 1 Font 32/SmallcapsGlow Map View 77x35 Zoom Use 0% Tactical HUD 1 Map Filters NONE Filters NONE Steam 1 RUN: 3d376daf-a888-4442-9346-290d6a6851ba